AoeStats
← Panny-kun

Arabia

510281585Analyzed
1v1 RM · 3d ago on Sep 30, 2026· 40m 52s· 2 players
Game mode
Random Map
Map size
Tiny (2 player)
Population
200
Speed
Normal
Resources
Standard
Victory
Conquest
Starting age
Dark Age
Ending age
Imperial Age
RankedLock teamsTeams togetherTeam positionsShared explorationLock speedFull tech treeHidden civsTurbo modeCheats
Victory
Defeat
🇵🇭 Maya · Philippines
1294
+18
🇹🇷 Varangians · Türkiye
1332
-18
Panny-kun
0:31 Loom
9:45 Feudal Age
10:42 Double-Bit Axe
14:51 Fletching
22:28 Castle Age
20:46 Padded Archer Armor
22:30 Crossbowman
23:07 Bodkin Arrow
24:56 Leather Archer Armor
29:14 Ballistics
33:42 Gold Mining
40:29 Imperial Age
39:22 Wheelbarrow
39:06 Bow Saw
40:33 Arbalester
41:30 Bracer
Mtk
7:42 Loom
10:10 Feudal Age
12:15 Double-Bit Axe
12:33 Horse Collar
14:43 Bloodlines
16:00 Scale Barding Armor
21:28 Wheelbarrow
25:10 Castle Age
24:06 Fletching
25:17 Light Cavalry
28:56 Husbandry
Connection lost

Rejoining the realm…

Still unreachable

The connection could not be restored.

Session expired

The server has moved on; the page needs a fresh start.